Map: Меха-депо РВ

Players

ИИ 1 (новичок)

  • Race: Protoss Protoss
  • Spawn Location: 7:00

Doll - Winner!

  • Race: Zerg Zerg
  • Spawn Location: 1:00

VOD

Have the link to the VOD?

Description

Time

  • Played on: March 17, 2021, 2:58 p.m.
  • Length: 13:18
Show
View Real Time Build Order
Export as new Build Order

ИИ 1 (новичок) Protoss 

Build Orders: 1 Gate Expand, Nexus First 

Get SALT Encoding   

  12  0:00  Probe  
  13  0:13  Probe  
  14  0:20  Pylon  
  14  0:43  Gateway  
  14  1:02  Nexus  
  14  1:20  Pylon  
  14  1:21  Zealot  
  14  1:23  Assimilator  
  16  1:36  Cybernetics Core  
  16  1:38  Probe  
  17  1:50  Probe  
  18  2:00  Probe  
  18  2:01  Assimilator  
  19  2:08  Probe  
  19  2:15  Probe, Stalker, Warp Gate  
  23  2:23  Probe  
  23  2:27  Probe  
  25  2:39  Probe  
  26  2:55  Probe  
  26  2:56  Assimilator  
  27  3:01  Probe, Pylon  
  28  3:09  Probe  
  28  3:12  Probe  
  29  3:17  Robotics Facility  
  30  3:23  Probe  
  31  3:31  Probe  
  31  3:33  Adept  
  34  3:38  Probe  
  35  3:45  Probe  
  36  3:52  Probe  
  37  3:59  Probe  
  38  4:05  Observer  
  38  4:06  Probe  
  40  4:10  Probe  
  41  4:19  Assimilator  
  41  4:21  Probe  
  41  4:24  Probe  
  42  4:27  Observer  
  44  4:35  Probe  
  45  4:39  Pylon  
  45  4:42  Probe  
  46  4:49  Probe  
  46  4:50  Sentry  
  49  4:56  Probe  
  50  11:10  Warp Prism  
  50  11:17  Stalker  
  54  11:19  Gateway  
  54  11:22  Robotics Bay  
  54  11:24  Stargate  
  48  11:30  Pylon  
  45  11:34  Warp Prism  
  45  11:40  Nexus  
  45  11:42  Zealot  
  45  11:47  Probe  
  49  11:54  Gravitic Boosters  
  49  12:08  Sentry  
  47  12:10  Gateway, Observer  
  47  12:12  Probe, Pylon  
  26  12:28  Probe, Observer  
  25  12:34  Stalker  
  28  12:40  Probe  
  29  12:48  Probe  
  29  12:54  Probe  
  29  12:58  Probe  
Show
View Real Time Build Order
Export as new Build Order

Doll Zerg - Winner!

Build Orders: Hatch First, Lurkers 

Get SALT Encoding   

  12  0:01  Drone  
  13  0:14  Overlord  
  13  0:19  Drone  
  14  0:33  Drone  
  14  0:34  Drone  
  16  0:37  Drone  
  17  0:57  Hatchery, Drone  
  17  1:01  Drone  
  18  1:09  Drone  
  19  1:12  Extractor  
  18  1:20  Spawning Pool  
  18  1:22  Drone  
  18  1:32  Drone  
  19  1:41  Overlord  
  19  2:07  Queen, Zergling x4  
  23  2:08  Queen  
  23  2:09  Drone  
  23  2:15  Drone  
  27  2:22  Drone  
  28  2:25  Drone  
  29  2:30  Drone  
  30  2:39  Drone  
  30  2:43  Hatchery  
  30  2:45  Extractor  
  30  2:48  Drone x2  
  31  2:53  Drone  
  31  2:56  Overlord  
  32  3:03  Lair  
  31  3:10  Drone x2  
  32  3:13  Drone  
  32  3:15  Drone  
  32  3:16  Drone  
  32  3:19  Drone  
  36  3:22  Drone  
  36  3:24  Drone  
  36  3:27  Drone  
  39  3:30  Drone  
  39  3:31  Drone  
  41  3:35  Zergling x2  
  42  3:42  Roach Warren  
  42  3:43  Zergling x2  
  42  3:45  Zergling x2  
  43  3:51  Spine Crawler  
  43  3:53  Zergling x2  
  43  3:54  Overlord  
  43  3:59  Drone  
  43  4:00  Zergling x4  
  43  4:02  Zergling x2  
  47  4:05  Drone  
  48  4:10  Metabolic Boost  
  48  4:11  Hydralisk Den  
  48  4:13  Drone  
  48  4:15  Zergling x2  
  49  4:17  Zergling x2  
  49  4:18  Drone  
  49  4:23  Roach  
  53  4:24  Roach  
  53  4:26  Roach  
  53  4:29  Overlord  
  57  4:33  Glial Reconstitution  
  57  4:42  Lurker Den  
  57  4:44  Overlord  
  56  4:49  Drone  
  56  4:50  Drone x4  
  56  4:51  Drone  
  62  4:54  Extractor  
  62  4:56  Extractor  
  62  4:57  Hydralisk  
  62  5:00  Hydralisk  
  62  5:03  Hydralisk  
  62  5:05  Drone  
  67  5:07  Drone  
  68  5:14  Overlord  
  68  5:18  Hydralisk  
  68  5:19  Hydralisk  
  68  5:20  Hydralisk  
  74  5:24  Overlord  
  74  5:36  Drone, Zergling x2  
  74  5:37  Drone, Zergling x2  
  74  5:38  Drone  
  74  5:39  Drone  
  74  5:41  Lurker  
  81  5:43  Lurker  
  81  5:44  Lurker  
  81  5:47  Drone x2  
  85  5:51  Overlord  
  85  5:52  Queen  
  87  5:57  Drone  
  87  5:58  Drone x2  
  87  6:01  Overlord  
  90  6:04  Pneumatized Carapace  
  90  6:11  Infestation Pit, Zergling x4  
  92  6:12  Drone, Zergling x2  
  92  6:14  Roach  
  92  6:17  Overlord  
  95  6:19  Drone  
  96  6:26  Drone  
  96  6:28  Lurker, Baneling Nest  
  96  6:29  Lurker  
  96  6:32  Drone x2  
  100  6:33  Drone x2  
  100  6:37  Overseer x2  
  100  6:39  Drone x2  
  104  6:48  Hydralisk  
  104  6:50  Hydralisk  
  104  6:52  Hatchery  
  107  6:58  Extractor  
  106  7:03  Overlord x2, Extractor  
  106  7:04  Drone x4  
  106  7:05  Drone  
  110  7:12  Infestor  
  110  7:13  Infestor  
  114  7:16  Overlord  
  114  7:19  Overlord  
  114  7:23  Drone  
  114  7:24  Drone x3  
  114  7:25  Drone x2  
  114  7:26  Drone  
  114  7:27  Centrifical Hooks  
  121  7:32  Drone x2  
  121  7:36  Zergling x2  
  126  7:42  Hive  
  126  7:43  Queen  
  126  7:46  Hatchery  
  125  7:52  Lurker  
  125  7:53  Drone x2  
  125  7:54  Overlord, Drone, Zergling x4  
  125  7:55  Zergling x2  
  132  8:02  Overlord, Drone  
  132  8:03  Drone  
  134  8:06  Roach  
  134  8:09  Hydralisk  
  134  8:10  Hydralisk  
  140  8:14  Hydralisk  
  140  8:17  Hydralisk  
  140  8:18  Hydralisk  
  146  8:20  Baneling x4  
  146  8:21  Baneling x2  
  146  8:22  Baneling  
  146  8:24  Baneling  
  146  8:25  Baneling  
  146  8:27  Baneling, Overlord  
  146  8:28  Overlord x2, Drone x2  
  146  8:29  Drone  
  146  8:32  Baneling x3  
  146  8:33  Baneling  
  149  8:36  Extractor  
  149  8:38  Baneling x3, Extractor  
  149  8:39  Baneling  
  147  8:41  Drone  
  147  8:42  Overlord x2  
  147  8:47  Infestor  
  150  8:50  Roach  
  150  8:51  Roach  
  150  8:53  Roach  
  150  8:54  Roach  
  158  8:59  Roach  
  158  9:00  Roach, Evolution Chamber  
  158  9:01  Roach x2, Evolution Chamber x2  
  158  9:02  Roach  
  165  9:04  Roach  
  165  9:05  Drone x2  
  165  9:09  Drone x3  
  172  9:19  Roach x3  
  172  9:20  Roach x3  
  172  9:22  Hydralisk  
  172  9:23  Hydralisk  
  188  9:27  Zerg Melee Weapons Level 1  
  188  9:30  Hatchery  
  187  9:31  Zerg Missile Weapons Level 1  
  187  9:38  Drone x6  
  192  9:41  Zerg Ground Armor Level 1  
  193  9:49  Burrow  
  193  10:09  Hatchery  
  192  10:45  Spire  
  191  10:51  Infestor  
  191  10:52  Infestor x2  
  191  10:55  Ultralisk Cavern  
  190  11:03  Hydralisk x9  
  190  11:08  Roach x21  
  190  11:13  Baneling x7  
  190  11:14  Baneling x10  
  190  11:21  Infestor  
Tags
 
Add a new tag
Caveats
  • Supply blocks, unpowered buildings, or Contaminate may cause inaccurate times.
  • Supply counts are checked every 10 seconds.